 Dungeon Crawl Stone Soup version 0.30.1-11-g7821555f0a (console) character file.

Game seed: 10382277158481766702

65 JoeltCo the Grave Robber (level 3, -3/24 HPs)
             Began as a Mummy Necromancer on Jan 10, 2024.
             Slain by an iguana (10 damage)
             ... on level 4 of the Dungeon.
             The game lasted 00:03:11 (1786 turns).

JoeltCo the Grave Robber (Mummy Necromancer)        Turns: 1786, Time: 00:03:12

Health: -3/24      AC:  3    Str: 11    XL:     3   Next: 92%
Magic:  4/8        EV: 12    Int: 20    God:
Gold:   77         SH:  0    Dex: 14    Spells: 9/10 levels left

rFire   . . .        d - staff of fire "Ditseogh" {Contam rF+ Int+4 Dex+2}
rCold   + . .        (no shield)
rNeg    + + +        a - +1 robe
rPois   ∞            (no helmet)
rElec   .            b - scarf {shadows}
rCorr   .            (no gloves)
SInv    .            (no boots)
Will    .....        (no amulet)
Stlth   ++           (no ring)
HPRegen 0.24/turn    (no ring)
MPRegen 0.11/turn

%: faith
@: no status effects
A: cold resistance 1, negative energy resistance 3, torment resistance 2, heat
vulnerability 1, in touch with death 1, no potions, faith
a: no special abilities


You were on level 4 of the Dungeon.
You visited 1 branch of the dungeon, and saw 4 of its levels.

You collected 77 gold pieces.

Inventory:

Armour
 a - a +1 robe (worn)
 b - a scarf of shadows (worn)
Magical Staves
 d - the staff of fire "Ditseogh" (weapon) {Contam rF+ Int+4 Dex+2}
   (You found it on level 3 of the Dungeon)

   [staff of fire]

   Base accuracy: +5 Base damage: 5 Base attack delay: 1.2 This weapon's minimum
   attack delay (0.6) is reached at skill level 12.
   Int:       It affects your intelligence (+4).
   Dex:       It affects your dexterity (+2).
   rF:        It protects you from fire.
   Contam:    It causes magical contamination when unequipped.
   It falls into the 'Staves' category.
   It is a one-handed weapon.
Scrolls
 e - a scroll of poison


   Skills:
 - Level 1.5 Dodging
 - Level 1.5 Stealth
 + Level 4.2 Spellcasting
 + Level 4.8 Necromancy


You had 9 spell levels left.
You knew the following spells:

 Your Spells              Type           Power      Damage    Failure   Level
a - Necrotise             Necr           100%       1d9       1%          1

Your spell library contained the following spells:

 Spells                   Type           Power      Damage    Failure   Level
 Vampiric Draining        Necr           35%        2d8       5%          3
 Animate Dead             Necr           35%        N/A       17%         4
 Gell's Gravitas          Tloc           4%         N/A       36%         3
 Inner Flame              Hex/Fire       6%         N/A       36%         3
 Teleport Other           Tloc           4%         N/A       36%         3
 Agony                    Necr           35%        N/A       43%         5
 Flame Wave               Conj/Fire      6%         2d5       77%         4
 Sticky Flame             Conj/Fire      6%         2d3       77%         4
 Dispersal                Tloc           2%         N/A       100%        6


Dungeon Overview and Level Annotations

Branches:
Dungeon (4/15)
 Temple: D:4-7

Altars:

Shops:
D:3 *:*(


Innate Abilities, Weirdness & Mutations

You are immune to poison.
Your flesh is cold resistant. (rC+)
You are immune to negative energy. (rN+++)
You are immune to unholy pain and torment.
You are vulnerable to heat. (rF-)
You are in touch with the powers of death.
You do not drink.
You have a special connection with the divine. (Faith)


Message History

Okay, then.
As you read the scroll labelled XOHOLEWOGA, it crumbles to dust.
Magic quickly surges around you.
It was a scroll of vulnerability.
Unknown command.
(D) Dungeon
Where to? (Enter - D:3 @ (x,y), ? - help)
You see here a clear potion.
There is a stone staircase leading down here.
You climb downwards.
There is a stone staircase leading up here.
An iguana is nearby!
Casting: Necrotise (safe; 1% risk of failure)
Confirm with . or Enter, or press ? or * to list all spells.
Aiming: Necrotise (safe; 1% risk of failure)
Press: ? - help, Shift-Dir - straight line, f - iguana
Aim: an iguana (asleep, chance to affect: 88%)
You feel a surge of power!
The iguana hisses angrily.
The iguana writhes in agony.
You feel your willpower return.
Casting: Necrotise (safe; 1% risk of failure)
Confirm with . or Enter, or press ? or * to list all spells.
Aiming: Necrotise (safe; 1% risk of failure)
Press: ? - help, Shift-Dir - straight line, f/p - iguana
Aim: an iguana (lightly wounded, chance to affect: 88%)
You feel a surge of power!
The iguana writhes in agony.
The iguana bites you!
Casting: Necrotise (safe; 1% risk of failure)
Confirm with . or Enter, or press ? or * to list all spells.
Aiming: Necrotise (safe; 1% risk of failure)
Press: ? - help, Shift-Dir - straight line, f/p - iguana
Aim: an iguana (moderately wounded, chance to affect: 88%)
You feel a surge of power!
The iguana writhes in agony.
The iguana bites you!
* * * LOW HITPOINT WARNING * * *
Casting: Necrotise (safe; 1% risk of failure)
Confirm with . or Enter, or press ? or * to list all spells.
Aiming: Necrotise (safe; 1% risk of failure)
Press: ? - help, Shift-Dir - straight line, f/p - iguana
Aim: an iguana (heavily wounded, chance to affect: 88%)
You feel a surge of power!
The iguana writhes in agony.
The iguana bites you!
You die...

#.#
#.#
..#
#.#
#.#
#.#
#@#
#l#
#..
#.##
...
...
...


You could see an iguana.

Vanquished Creatures
  Jessica (D:3)
  An adder (D:2)
  2 bats
  2 endoplasms
  2 giant cockroaches (D:1)
  4 goblins
  4 hobgoblins
  A quokka (D:1)
  3 ball pythons
  4 kobolds
  5 rats
29 creatures vanquished.

Vanquished Creatures (collateral kills)
  A frilled lizard (D:1)
1 creature vanquished.

Grand Total: 30 creatures vanquished

Notes
Turn   | Place    | Note
-------+----------+-------------------------------------------
     0 | D:1      | JoeltCo the Mummy Necromancer began the quest for the Orb.
     0 | D:1      | Reached XP level 1. HP: 13/13 MP: 4/4
   167 | D:1      | Reached XP level 2. HP: 19/19 MP: 3/6
   996 | D:2      | Gained mutation: You are in touch with the powers of death.
                  | [Mummy growth]
   996 | D:2      | Reached XP level 3. HP: 24/24 MP: 1/8
  1004 | D:3      | Found Ilyuj's Book Shoppe.
  1099 | D:3      | Noticed Jessica
  1104 | D:3      | Killed Jessica
  1154 | D:3      | Identified the staff of fire "Ditseogh" {Contam rF+ Int+4
                  | Dex+2}
  1279 | D:3      | Found Baumneirch's Weapon Shoppe.
  1404 | D:3      | Found Vuxed's General Store.
  1723 | D:3      | Found Libript's Assorted Antiques.
  1786 | D:4      | Slain by an iguana

Illustrated notes

Levels and vault maps discovered:
D:1:      ebering_hopf_link, layout_basic
D:2:      layout_basic, kennysheep_generic_room_10
D:3:      wander_river, layout_loops_ring, serial_shops,
          nicolae_shop_bloodbath_and_beyond, nicolae_shop_behind_doors,
          shop_statue, shop, uniq_jessica
D:4:      layout_loops_ring, uniq_menkaure, uniq_duvessa

Skill      XL: |  1  2  3 |
---------------+----------+-----
Spellcasting   | 3 4 |  4.2
Dodging        | |  1.5
Stealth        | |  1.5
Necromancy     | |  4.8

Action                     || total
---------------------------++-------
  Melee: Dagger            ||    34
         Unarmed           ||     1
         Hand axe          ||     1
         Staff             ||     1
   Cast: Necrotise         ||    41
    Use: Scroll            ||    10
   Stab: Sleeping          ||     2
 Armour: Robe              ||    18
  Dodge: Dodged            ||    36
